 Dungeon Crawl Stone Soup version 0.28-a0-407-g69098e2f6d (webtiles) character file.

Game seed: 2351740244047689020

49 heikuro the Skirmisher (level 4, -3/37 HPs)
             Began as a Formicid Abyssal Knight on Sept 5, 2021.
             Was a Follower of Lugonu.
             Asphyxiated
             ... in a sewer.
             The game lasted 00:05:17 (2393 turns).

heikuro the Skirmisher (Formicid Abyssal Knight)    Turns: 2393, Time: 00:05:18

Health: -3/37      AC:  3    Str: 18    XL:     4   Next: 2%
Magic:  6/6        EV: 11    Int: 11    God:    Lugonu [*.....]
Gold:   71         SH:  0    Dex: 10    Spells: 3/3 levels left

rFire   + . .      SeeInvis +   a - +1 falchion
rCold   . . .      Faith    .   (no shield)
rNeg    . . .      Spirit   .   b - +0 leather armour
rPois   .          Reflect  .   (helmet unavailable)
rElec   .          Harm     .   h - scarf {shadows}
rCorr   .          Rampage  .   (no gloves)
Will    .....                   (no boots)
Stlth   +.........              (no amulet)
HPRegen 0.12/turn               j - ring of protection from fire
MPRegen 0.10/turn               (no ring)

@: lethally poisoned (-3 -> -13), very slightly contaminated, invisible
A: permanent stasis, dig shafts and tunnels, antennae 3, four strong arms
a: Dig, Renounce Religion, Depart the Abyss


You were in a sewer.
You worshipped Lugonu.
Lugonu was aware of your devotion.
You visited 1 branch of the dungeon, and saw 3 of its levels.
You visited the Abyss 1 time.
You also visited: Sewer.

You collected 71 gold pieces.

Inventory:

Hand Weapons
 a - a +1 falchion (weapon)
 k - a +0 hunting sling
Missiles
 l - 22 sling bullets
Armour
 b - a +0 leather armour (worn)
 h - a scarf of shadows (worn)
Jewellery
 j - a ring of protection from fire (left hand)
 m - an amulet of faith
Scrolls
 d - a scroll of fog {unknown}
 e - a scroll of acquirement {unknown}
 i - a scroll of magic mapping {unknown}
Potions
 g - a potion of haste {unknown}


   Skills:
 + Level 3.6 Fighting
 * Level 3.0 Long Blades
 + Level 0.1 Slings
 + Level 2.6 Armour
 - Level 1.0 Dodging
 + Level 2.7 Invocations


You had 3 spell levels left.
You didn't know any spells.
Your spell library contained the following spells:

 Spells                   Type           Power      Damage    Failure   Level
 Animate Skeleton         Necr           0%         N/A       38%         1
 Pain                     Necr           0%         1d4       38%         1
 Dazzling Flash           Conj/Hex       0%         N/A       77%         3
 Vampiric Draining        Necr           0%         2d6       77%         3
 Agony                    Necr           0%         N/A       100%        5
 Silence                  Hex/Air        0%         N/A       100%        5


Dungeon Overview and Level Annotations

Branches:
Dungeon (3/15)              Sewer (1/1)

Altars:
The Shining One


Innate Abilities, Weirdness & Mutations

You cannot be hasted, slowed, berserked, paralysed or teleported.
You can dig through walls and to a lower floor.
You have a pair of large antennae on your head. (SInv)
Your four strong arms can wield two-handed weapons with a shield.


Message History

The kobold brigand is moderately wounded.
You feel sick. The kobold misses you.
You hit the kobold brigand.
The kobold brigand is heavily wounded.
You feel sick.
The kobold brigand hits you with a +0 club.
The kobold hits you with a +0 short sword.
* * * LOW HITPOINT WARNING * * *
You barely miss the kobold brigand.
The kobold brigand is heavily wounded.
You feel sick. The kobold closely misses you. The kobold brigand misses you.
You hit the kobold brigand but do no damage.
The kobold brigand is heavily wounded.
You feel sick. The kobold barely misses you.
The kobold brigand hits you with a +0 club.
* * * LOW HITPOINT WARNING * * *
It was a potion of invisibility.
You fade into invisibility!
You feel sick.
You are no longer poisoned.
The kobold closely misses you.
You are very lightly contaminated with residual magic.
Okay, then.
Okay, then.
The kobold brigand looks more healthy.
Non-targeted abil: Dig
Press: ? - help, Q - select action, (/) - cycle Dir - look around, f - activate Look: a kobold brigand, wielding a +0 club and quivering curare-tipped darts (heavily wounded, slow)
You extend your mandibles.
Throw: dart (curare)
Press: ? - help, Shift-Dir - straight line, f/p - kobold brigand
Aim: a kobold brigand, wielding a +0 club and quivering curare-tipped darts (heavily wounded, slow, 47% to hit)
You throw a curare-tipped dart.
The curare-tipped dart misses the kobold brigand.
The kobold throws a stone.
The stone barely misses you.
The kobold brigand throws a curare-tipped dart.
The curare-tipped dart hits you.
You are lethally poisoned!
You have difficulty breathing.
You die...

###### #?...#
#..∩.# #.!(.#
.(!.# ##K'##
###..K≈#
#.P.≈≈≈#
##.@.≈.≈#
#.......#
#......≈#
#......≈#
##....P≈≈#≈≈
#.....≈≈≈#≈≈
##...P.≈≈≈≈≈≈
#.......≈≈#≈≈
##......≈≈#≈≈


You could see a kobold brigand (slow) and a kobold.

Vanquished Creatures
  4 worms (D:3)
  5 ball pythons
  2 endoplasms
  4 goblins
  7 hobgoblins
  A quokka (D:1)
  4 bats
  2 frilled lizards
  A kobold (D:3)
  7 rats
37 creatures vanquished.

Notes
Turn   | Place    | Note
-------+----------+-------------------------------------------
     0 | Abyss:1  | heikuro the Formicid Abyssal Knight began the quest for the
                  | Orb.
     0 | Abyss:1  | Reached XP level 1. HP: 18/18 MP: 2/2
    52 | Abyss:1  | Found a corrupted altar of Lugonu.
   115 | Abyss:1  | Noticed a large abomination
   117 | D:1      | Escaped the Abyss
   328 | D:1      | Reached skill level 1 in Dodging
   330 | D:1      | Reached XP level 2. HP: 18/24 MP: 3/3
  1336 | D:2      | Found a faded altar of an unknown god.
  1351 | D:2      | Found a glowing golden altar of the Shining One.
  1354 | D:2      | Reached * piety under Lugonu
  1364 | D:2      | Reached XP level 3. HP: 26/29 MP: 4/4
  1769 | D:2      | You fall into a shaft and drop 1 floor!
  2062 | D:3      | Found a glowing drain.
  2110 | Sewer    | Entered a sewer
  2351 | Sewer    | Reached XP level 4. HP: 37/37 MP: 6/6
  2382 | Sewer    | Noticed a kobold brigand
  2393 | Sewer    | Asphyxiated

Illustrated notes

Levels and vault maps discovered:
D:1:      nzn_arrival_crosshair, layout_basic, serial_forest,
          infiniplex_forest_lined_room_2, infiniplex_forest_clump_diagonal,
          infiniplex_forest_clump_small, infiniplex_forest_lined_1,
          infiniplex_forest_clump_long, infiniplex_forest_end_double,
          infiniplex_forest_lined_3
D:2:      layout_loops_ring, basic_altar, ebering_ecumenical_altar_box,
          minivault_25, minmay_3d_cube, uniq_crazy_yiuf_cottage, uniq_sigmund
D:3:      layout_loops_ring, nicolae_ru_the_path_less_chosen,
          lightli_sewer_entry_pipes, st_stairs_1, corexii_corridor_pit,
          chequers_serial_rivers_marsh
Sewer:    kennysheep_pipe_town

Skill      XL: |  1  2  3 |
---------------+----------+-----
Dodging        | 1 |  1.0
Long Blades    | 3 |  3.0
Fighting       | |  3.6
Slings         | |  0.1
Armour         | |  2.6
Invocations    | |  2.7

Action                   |  1- 3 |  4- 6 || total
-------------------------+-------+-------++-------
Melee: Falchion          |   118 |     6 ||   124
Throw: Dart              |       |     3 ||     3
Invok: Depart the Abyss  |     1 |       ||     1
 Abil: Dig               |     2 |     1 ||     3
  Use: Potion            |       |     1 ||     1
Armor: Leather armour    |    19 |       ||    19
Dodge: Dodged            |    60 |     9 ||    69

Table legend: (Time is in decaauts)
 A = Elapsed time spent in this place.
 B = Non-inter-level travel time spent in this place.
 C = Inter-level travel time spent in this place.
 D = Time resting spent in this place.
 E = Time spent auto-exploring this place.
 F = Levels seen in this place.
 G = Mean time per level.
                   A        B        C        D        E       F      G
               +--------+--------+--------+--------+--------+-----+--------+
         Total |   2486 |   2449 |     37 |    796 |    888 |   5 |  497.2 |
       Dungeon |   2074 |   2037 |     37 |    585 |    778 |   3 |  691.3 |
         Abyss |    117 |    117 |      0 |      0 |    110 |   1 |  117.0 |
         Sewer |    295 |    295 |      0 |    211 |      0 |   1 |  295.0 |
               +--------+--------+--------+--------+--------+-----+--------+

Top non-repeatable levels by time:
     D:1: 1227 daAuts
     D:2: 436 daAuts
     D:3: 409 daAuts
   Sewer: 295 daAuts
 Abyss:1: 117 daAuts
